 Dungeon Crawl Stone Soup version 0.29.1-12-g30fa7ad0bf (webtiles) character file.

Game seed: 109776899640321613

1658 ThatPearl the Trooper (level 8, 0/94 (100) HPs)
             Began as a Demonspawn Berserker on Jan 11, 2023.
             Was a Believer of Trog.
             Slain by a wight
             ... wielding a +4 halberd
              (9 damage)
             ... on level 6 of the Dungeon.
             The game lasted 00:10:39 (4983 turns).

ThatPearl the Trooper (Demonspawn Berserker)        Turns: 4983, Time: 00:10:40

HP:   0/94 (100)    AC:  9    Str: 19    XL:     8   Next: 68%
MP:   8/8           EV: 13    Int:  8    God:    Trog [**....]
Gold: 263           SH:  8    Dex: 14    Spells: 7/7 levels left

rFire   . . .      SeeInvis .   w - +0 broad axe
rCold   . . .      Faith    .   A - +0 buckler
rNeg    . . .      Spirit   .   f - +0 ring mail
rPois   .          Reflect  +   (helmet restricted)
rElec   .          Harm     .   I - scarf {repulsion}
rCorr   .          Rampage  .   l - +0 pair of gloves
Will    .....                   (no boots)
Stlth   ..........              n - amulet of reflection
HPRegen 0.25/turn               (no ring)
MPRegen 0.11/turn               (no ring)

@: berserking (expiring), studying Dodging, drained, repel missiles, very quick
A: horns 2, icy blue scales 1, foul stench 1, powered by pain 1
a: Renounce Religion, Berserk, Trog's Hand


You were on level 6 of the Dungeon.
You worshipped Trog.
Trog was pleased with you.
You visited 1 branch of the dungeon, and saw 6 of its levels.

You collected 263 gold pieces.

Inventory:

Hand Weapons
 a - a +0 hand axe
 m - a +0 sling
 w - a +0 broad axe (weapon)
 G - a +0 whip of electrocution
Missiles
 b - 35 stones
 x - 2 silver javelins
 z - 6 curare-tipped darts (quivered)
 H - 3 throwing nets
Armour
 f - a +0 ring mail (worn)
 l - a +0 pair of gloves (worn)
 y - a +0 chain mail
 A - a +0 buckler (worn)
 I - a scarf of repulsion (worn)
Jewellery
 n - an amulet of reflection (around neck)
Scrolls
 c - 4 scrolls of identify {unknown}
 d - a scroll of immolation {unknown}
 g - 2 scrolls of enchant weapon {unknown}
 h - 2 scrolls of poison {unknown}
 i - 2 scrolls of magic mapping {unknown}
 k - a scroll of fear {unknown}
 p - 2 scrolls of teleportation {unknown}
 s - a scroll of blinking {unknown}
 t - a scroll of enchant armour {unknown}
 u - 3 scrolls of acquirement {unknown}
 v - a scroll of noise {unknown}
 B - 3 scrolls of amnesia {unknown}
Potions
 e - 4 potions of curing {unknown}
 j - a potion of brilliance {unknown}
 o - a potion of flight {unknown}
 q - 2 potions of heal wounds {unknown}
 r - a potion of resistance {unknown}
 C - a potion of mutation {unknown}
 D - 2 potions of lignification {unknown}
 E - a potion of berserk rage {unknown}
 F - 2 potions of ambrosia {unknown}


   Skills:
 + Level 7.1 Fighting
 + Level 6.5 Axes
 - Level 4.0 Armour
 + Level 6.4 Dodging


You had 7 spell levels left.
You didn't know any spells.
Your spell library was empty.

Dungeon Overview and Level Annotations

Branches:
Dungeon (6/15)             Temple (0/1) D:4

Altars:
Okawaru
Qazlal
Sif Muna
Trog

Shops:
D:3 (


Innate Abilities, Weirdness & Mutations

You have a pair of horns on your head.
You are partially covered in icy blue scales. (AC +2)
You may rarely emit foul miasma when damaged in melee.
You sometimes gain a little power by taking damage.


Message History

The wight completely misses you. The wight hits you but does no damage.
The wight hits you with a +3 flail of freezing!
You feel drained. The wight freezes you.
You emit a cloud of foul miasma!
You block the wight's attack. x2; The wight hits you with a +0 dagger.
You feel drained.
You hit the wight.
The wight is severely damaged.
You hit the wight. You block the wight's attack.
The wight hits you with a +0 dagger!
You feel drained. The wight misses you.
You barely miss the wight.
The wight is severely damaged.
You hit the wight. The wight completely misses you.
The wight hits you with a +3 flail of freezing.
The wight freezes you. The wight hits you with a +0 dagger.
* * * LOW HITPOINT WARNING * * *
Unknown command.
A red film seems to cover your vision as you go berserk!
You feel yourself moving faster!
You feel mighty! You block the wight's attack.
The wight hits you but does no damage.
You barely miss the wight. You headbutt the wight.
You destroy the wight!
Trog accepts your kill.
The wight hits you from afar with a +4 halberd!
* * * LOW HITPOINT WARNING * * *
You slash the wight! Your headbutt misses the wight.
The wight is severely damaged.
The wight hits you from afar with a +4 halberd.
* * * LOW HITPOINT WARNING * * *
You feel drained.
* * * LOW HITPOINT WARNING * * *
You block the wight's attack.
You closely miss the wight. Your headbutt misses the wight.
The wight is severely damaged.
The wight hits you from afar with a +4 halberd.
* * * LOW HITPOINT WARNING * * *
You feel drained. The wight misses you.
You barely miss the wight. Your headbutt misses the wight.
The wight is severely damaged.
The wight hits you from afar with a +4 halberd!
You die...

#..........###..........
#..........#............
#..........#.........#.#
#..........#......##.#.#
#..........#......##.#.#
#..........#......+..#.#
#..........#......#....#
#.......:..#
........@...#
....#####z### ...
#..z....... #.)........
+......#### #......#
#....... #.......#
#.......#


You could see 2 wights.

Vanquished Creatures
  Pikel (D:5)
  A kobold demonologist (D:5)
  Menkaure (D:5)
  An ogre (D:4)
  A gnoll sergeant (D:4)
  A bullfrog (D:4)
  A necrophage (D:5)
  2 scorpions
  2 wights (D:6)
  A killer bee (D:4)
  A jelly (D:6)
  A gnoll bouda (D:6)
  3 iguanas
  4 gnolls (D:6)
  5 adders
  A dart slug (D:4)
  A worm (D:4)
  9 orcs
  A bat (D:3)
  7 endoplasms
  3 giant cockroaches
  6 hobgoblins
  6 jackals (D:2)
  3 quokkas
  5 ball pythons
  4 frilled lizards
  6 goblins
  6 kobolds
  6 rats
90 creatures vanquished.

Vanquished Creatures (others)
  5 plants (D:2)
5 creatures vanquished.

Grand Total: 95 creatures vanquished

Notes
Turn   | Place    | Note
-------+----------+-------------------------------------------
     0 | D:1      | ThatPearl the Demonspawn Berserker began the quest for the
                  | Orb.
     0 | D:1      | Reached XP level 1. HP: 18/18 MP: 1/1
   561 | D:1      | Gained mutation: You sometimes gain a little power by
                  | taking damage. [demonic ancestry]
   561 | D:1      | Reached XP level 2. HP: 24/24 MP: 2/2
  1128 | D:2      | Gained mutation: You are partially covered in icy blue
                  | scales. (AC +2) [demonic ancestry]
  1128 | D:2      | Reached XP level 3. HP: 26/29 MP: 3/3
  1300 | D:2      | Found a faded altar of an unknown god.
  1411 | D:2      | Reached ** piety under Trog
  1902 | D:3      | Gained mutation: You have a pair of small horns on your
                  | head. [demonic ancestry]
  1902 | D:3      | Reached XP level 4. HP: 37/37 MP: 4/4
  2056 | D:3      | Reached skill level 4 in Fighting
  2374 | D:3      | Found Koneno Fesho's Weapon Shoppe.
  2806 | D:4      | Found a staircase to the Ecumenical Temple.
  2826 | D:4      | Gained mutation: You have a pair of horns on your head.
                  | [demonic ancestry]
  2826 | D:4      | Reached XP level 5. HP: 35/42 MP: 5/5
  3465 | D:4      | Found a stormy altar of Qazlal.
  3532 | D:4      | Noticed an ogre
  3540 | D:4      | Killed an ogre
  3541 | D:4      | Gained mutation: You may rarely emit foul miasma when
                  | damaged in melee. [demonic ancestry]
  3541 | D:4      | Reached XP level 6. HP: 34/49 MP: 6/6
  3573 | D:4      | Reached skill level 5 in Fighting
  4061 | D:4      | Found an iron altar of Okawaru.
  4061 | D:4      | Found a bloodstained altar of Trog.
  4127 | D:5      | Entered Level 5 of the Dungeon
  4224 | D:5      | Noticed Pikel
  4234 | D:5      | Noticed Menkaure
  4239 | D:5      | Killed Pikel
  4240 | D:5      | Reached skill level 6 in Fighting
  4240 | D:5      | Reached skill level 5 in Axes
  4240 | D:5      | Reached XP level 7. HP: 47/58 MP: 7/7
  4242 | D:5      | Killed Menkaure
  4243 | D:5      | Reached XP level 8. HP: 53/64 MP: 8/8
  4420 | D:5      | Noticed a kobold demonologist
  4422 | D:5      | Noticed a rust devil
  4428 | D:5      | Noticed a sun demon
  4428 | D:5      | Killed a kobold demonologist
  4429 | D:5      | Reached skill level 5 in Dodging
  4668 | D:5      | Found a shimmering blue altar of Sif Muna.
  4879 | D:6      | Reached skill level 7 in Fighting
  4983 | D:6      | Slain by a wight

Illustrated notes

Levels and vault maps discovered:
D:1:      roderic_octagonal_star, layout_rooms
D:2:      layout_basic, hellmonk_ecumenical_altar_pennies_from_heaven,
          serial_forest, infiniplex_forest_clump_small,
          infiniplex_forest_clump_tiny, infiniplex_forest_clump_diagonal,
          infiniplex_forest_lined_3, infiniplex_forest_straight_4,
          infiniplex_forest_lined_2, infiniplex_forest_lined_4_way,
          infiniplex_forest_straight_4, infiniplex_forest_fountain,
          infiniplex_forest_clump_C
D:3:      layout_loops_ring, elyvilon_altar_4, serial_shops, shop_statue
D:4:      minmay_angry_zag, layout_basic, grunt_temple_overflow_bloody_war,
          grunt_qazlal_clouds, minmay_temple_entry_sparse_star,
          minmay_manual_macuahuitl
D:5:      layout_basic, tso_altar, mainiacjoe_overflow_paths,
          nicolae_figureground_pulse, uniq_pikel, uniq_menkaure
D:6:      layout_basic, kennysheep_dice

Skill      XL: |  1  2  3  4  5  6  7  8 |
---------------+-------------------------+-----
Axes           | 3 4 5 6 |  6.5
Armour         | 2 3 4 |  4.0
Fighting       | 4 6 7 |  7.1
Dodging        | 4 6 |  6.4

Action                   |  1- 3 |  4- 6 |  7- 9 || total
-------------------------+-------+-------+-------++-------
Melee: Hand axe          |   113 |    95 |       ||   208
       Punch             |     1 |     2 |       ||     3
       Headbutt          |       |    21 |    11 ||    32
       Broad axe         |       |    54 |    45 ||    99
Throw: Dart              |       |     1 |       ||     1
Invok: Berserk           |     1 |     2 |     3 ||     6
Armor: Animal skin       |     4 |       |       ||     4
       Ring mail         |    32 |    45 |    13 ||    90
Dodge: Dodged            |    71 |    57 |    17 ||   145
Block: Other             |     1 |    33 |       ||    34
       Buckler           |       |     8 |    23 ||    31
